 Dungeon Crawl Stone Soup version 0.21-a0-135-g8dc100c (webtiles) character file.

642582 4thArraOfDagon the Commander (level 27, -6/253 HPs)
             Began as a Naga Conjurer on July 17, 2017.
             Was a High Priest of Okawaru.
             Mangled by a greater mummy (21 damage)
             ... on level 3 of the Tomb of the Ancients.
             The game lasted 02:52:43 (30110 turns).

4thArraOfDagon the Commander (Naga Conjurer)       Turns: 30110, Time: 02:52:44

Health: -6/253     AC: 48    Str: 18    XL:     27
Magic:  36/38      EV: 18    Int: 35    God:    Okawaru [*****.]
Gold:   4706       SH:  0    Dex: 22    Spells: 12/38 levels left

rFire    + + .     SeeInvis +   V - +6 great mace of Expedience {vamp, rC+ Int+2 Dex+5}
rCold    + + +     Gourm    .   (shield currently unavailable)
rNeg     + + +     Faith    .   s - +7 chain mail of Vinynar {rF+ Str+4 Int+4 SInv}
rPois    +         Spirit   .   r - +2 hat {SInv}
rElec    +         Reflect  .   F - +0 cloak of Integrity {rC++ rN+ Stlth-}
rCorr    .         Harm     .   y - +2 pair of gloves {Dex+3}
MR       +++..                  J - +6 lightning scales {run, rElec}
Stlth    ..........             S - amulet of Asiezenn {RegenMP rN+ Int+3}
HPRegen  1.52/turn              k - ring of the Saviour {rElec rC++ rN+ Stlth-}
MPRegen  0.51/turn              i - ring "Ytaefico" {rF+ EV+3 Dex+3}

@: heroism, finesse, regenerating, slowed, very slow
A: horns 1, see invisible, deformed body, poison resistance, shaggy fur 1,
slowness 2, slow metabolism 1, spit poison 1, constrict 1, AC +9
}: 5/15 runes: decaying, slimy, silver, golden, gossamer
a: Spit Poison, Heroism, Finesse, Renounce Religion


You were on level 3 of the Tomb of the Ancients.
You worshipped Okawaru.
Okawaru was extremely pleased with you.
You were not hungry.

You visited 11 branches of the dungeon, and saw 55 of its levels.
You visited the Abyss 2 times.
You also visited: Labyrinth, Bailey and Volcano.

You collected 7554 gold pieces.
You spent 2848 gold pieces at shops.

Inventory:

Hand Weapons
 u - the +12 dire flail "Fypt" {crush, Str+6}
   (You found it on level 5 of the Dungeon)

   It inflicts extra damage upon your enemies.
   It affects your strength (+6).
 V - the +6 great mace of Expedience (weapon) {vamp, rC+ Int+2 Dex+5}
   (You found it on level 5 of the Vaults)

   It inflicts no extra harm, but heals its wielder when it wounds a living foe.
   It affects your intelligence (+2).
   It affects your dexterity (+5).
   It protects you from cold.
Missiles
 o - 5 throwing nets (quivered)
Armour
 j - the scarf of Evecw {rN+ rCorr Str+4}
   (Okawaru gifted it to you on level 1 of the Tomb of the Ancients)

   It affects your strength (+4).
   It protects you from negative energy.
   It protects you from acid and corrosion.
 n - a +3 shield of positive energy
 r - a +2 hat of see invisible (worn)
 s - the +7 chain mail of Vinynar (worn) {rF+ Str+4 Int+4 SInv}
   (You found it in a bailey)

   It affects your strength (+4).
   It affects your intelligence (+4).
   It protects you from fire.
   It lets you see invisible.
 t - a scarf of repulsion
 y - a +2 pair of gloves of dexterity (worn)
 F - the +0 cloak of Integrity (worn) {rC++ rN+ Stlth-}
   (You found it on level 5 of the Pits of Slime)

   It greatly protects you from cold.
   It protects you from negative energy.
   It makes you less stealthy.
 I - a +4 troll leather armour
 J - the +6 lightning scales (worn) {run, rElec}
   (Okawaru gifted it to you on level 3 of the Elven Halls)

   It insulates you from electricity.
 Z - the +4 naga barding "Colilik" {rC+ MR+ rCorr}
   (Okawaru gifted it to you on level 5 of the Depths)

   It protects you from cold.
   It affects your resistance to hostile enchantments.
   It protects you from acid and corrosion.
Jewellery
 d - the amulet "Fatrol" {Reflect Str+4 Int+4 SH+4}
   (You bought it in a shop on level 5 of the Depths)

   [amulet of reflection]

   It shields you and reflects attacks.
   It affects your strength (+4).
   It affects your intelligence (+4).
   It affects your SH (+4).
 i - the ring "Ytaefico" (right hand) {rF+ EV+3 Dex+3}
   (You took it off a vampire knight on level 1 of the Crypt)

   [ring of evasion]

   It affects your evasion (+3).
   It affects your dexterity (+3).
   It protects you from fire.
 k - the ring of the Saviour (left hand) {rElec rC++ rN+ Stlth-}
   (You found it on level 1 of the Vaults)

   [ring of loudness]

   It greatly protects you from cold.
   It insulates you from electricity.
   It protects you from negative energy.
   It makes you less stealthy.
 S - the amulet of Asiezenn (around neck) {RegenMP rN+ Int+3}
   (You found it on level 5 of the Vaults)

   [amulet of magic regeneration]

   It increases your magic regeneration.
   It affects your intelligence (+3).
   It protects you from negative energy.
Wands
 f - a wand of clouds (1/9)
 x - a wand of digging (7/24)
 U - a wand of scattershot (4/9)
Scrolls
 a - 7 scrolls of enchant weapon
 h - a scroll of magic mapping
 l - 19 scrolls of remove curse
 m - 5 scrolls of recharging
 q - 2 scrolls of brand weapon
 z - 5 scrolls of fog
 K - 10 scrolls of identify
 N - 7 scrolls of teleportation
 R - 4 scrolls of blinking
Potions
 b - 4 potions of resistance
 e - 12 potions of curing
 g - 7 potions of invisibility
 v - 8 potions of might
 w - 5 potions of cancellation
 B - 8 potions of agility
 C - 6 potions of flight
 D - 3 potions of ambrosia
 L - 5 potions of haste
 M - 12 potions of heal wounds
 O - 6 potions of brilliance
 P - 4 potions of berserk rage
 Q - 2 potions of mutation
 W - 5 potions of magic
Miscellaneous
 p - a lamp of fire
 A - a phial of floods
 H - a lightning rod (1/4)
 T - 2 phantom mirrors
 X - 3 boxes of beasts
 Y - a fan of gales
Comestibles
 c - 23 bread rations
 E - 27 meat rations


   Skills:
 + Level 16.2(21.2) Fighting
 - Level 22.4(27) Maces & Flails
 + Level 12.5(17.5) Armour
 + Level 12.9(17.9) Dodging
 - Level 3.0(8.0) Stealth
 - Level 6.0 Spellcasting
   Level 4.0 Conjurations
 - Level 10.4 Hexes
 - Level 7.1 Charms
 - Level 7.4 Necromancy
 - Level 9.9 Translocations
 - Level 13.0 Earth Magic
 - Level 23.4 Invocations
 - Level 5.0 Evocations


You had 12 spell levels left.
You knew the following spells:

 Your Spells              Type           Power        Failure   Level  Hunger
a - Apportation           Tloc           ######       1%          1    None
b - Sublimation of Blood  Necr           ######....   1%          2    None
c - Blink                 Tloc           N/A          1%          2    None
d - Passwall              Tmut/Erth      ######....   1%          2    None
e - Passage of Golubria   Tloc           N/A          3%          4    ##.....
f - Swiftness             Chrm/Air       #####...     7%          2    None
g - Lee's Rapid Deconstr  Erth           #######...   2%          5    ####...
h - Regeneration          Chrm/Necr      ######....   3%          3    None
i - Spectral Weapon       Hex/Chrm       ######..     1%          3    None
j - Song of Slaying       Chrm           ######..     1%          2    None


Dungeon Overview and Level Annotations

Branches:
Dungeon (15/15)            Temple (0/1) D:5            Lair (6/6) D:9
  Swamp (4/4) Lair:3       Spider (4/4) Lair:2        Slime (5/5) Lair:6
    Orc (2/2) D:11            Elf (3/3) Orc:2        Vaults (5/5) D:13
  Crypt (3/3) Vaults:2       Tomb (3/3) Crypt:3      Depths (5/5) D:15
    Zot (0/5) Depths:5

Altars:
Ashenzari
Hepliaklqana
Nemelex Xobeh
Okawaru
Qazlal
Xom
Yredelemnul
Zin
Beogh
Jiyva

Shops:
D:5 %[:(*   D:13 ?   Orc:1 *   Orc:2 !([[   Elf:2 !   Vaults:2 =   Vaults:3 !
Vaults:5 [   Depths:5 }=}

Portals:
Hell: Depths:1 Depths:2 Depths:4 Depths:5
Abyss: Depths:1 Depths:4
Ziggurat: Depths:1
Trove: D:12 (give 13 scrolls of teleportation)

Annotations:
D:3 2 transporters
Vaults:2 CRYPT
Depths:5 2 runed doors, exclusion: door


Innate Abilities, Weirdness & Mutations

You cannot wear boots.
Your serpentine skin is tough. (AC +9)
You have supernaturally acute eyesight. (SInv)
Armour fits poorly on your strangely shaped body.
Your system is resistant to poisons. (rPois)
You cover ground very slowly.
You have a slow metabolism.
You can spit poison.
You can use your snake-like lower body to constrict enemies.
You have a pair of small horns on your head.
You are covered in fur. (AC +1)


Message History

Unknown command.
The tormentor calls on the powers of darkness!
Your body is wracked with pain!
* * * LOW HITPOINT WARNING * * *
Unknown command.
Unknown command.
You feel better. The flying skull barely misses you.
The flying skull misses you.
The lich points at you and mumbles some strange words.
The bolt of cold misses the flying skull.
The bolt of cold hits you! You resist.
* * * LOW HITPOINT WARNING * * *
Unknown command.
You feel better.
Your surroundings suddenly seem different.
The death scarab bites you!!
* * * LOW HITPOINT WARNING * * *
The death scarab drains your vigour!
You feel yourself slow down. The death scarab barely misses you.
The greater mummy hits you!!
You die...

**,,,,,** #..MM.§# ##$$($##
**,,,,,,,**#......###$$$)$$##
**,,,,,,,,,*#......##...$$$$$##
*,,,,,,,,.,*#.%....##..$$[$}$=##
,,,,,,,,,..,#......#..M.$$$$$$=##
,,,,,,,,,...#......#.....$$$$$(?#
,,,,,,,,,...'..M...'....$$$)$$$[$
,,,,,,,,,,,.#8..M..#Mn^..$$[$$$$$
,,,,,,,,,,,,#...@M.#M.4...$$$$$$$
,,,,,,,,,,,*#...ss.##WMW.(.}.$$$$
,,,,,,,,,,,*#.....s##.M......%.$$
,,,..M...,*#....s...##8†........$
,,,.....<*#..........##<.......$/
,,,...8.##.......s...s##4.......!
,,,....#*..............##....!$$#
**,...**,.......ss......##....###
###'##**,,,,,,,,,,,,,,,,**##'##**


You could see a greater mummy, a guardian mummy, an ushabti, 8 death scarabs and
2 mummies.

Vanquished Creatures
  the Royal Jelly (Slime:5)
  3 ancient liches
  The ghost of TotoDurand the Warrior, a legendary FoFi of Okawaru (Vaults:4)
  4 greater mummies
  A juggernaut (Depths:5)
  Sojobo (Depths:1)
  Bai Suzhen (Crypt:3)
  Frederick (Vaults:5)
  Jory (Vaults:5)
  Nikola (Depths:2)
  5 golden dragons
  2 profane servitors (Crypt:3)
  A bone dragon (Crypt:3)
  A shard shrike zombie (Crypt:2)
  A Hell Sentinel (Abyss:2)
  7 liches
  Asterion (Vaults:2)
  6 tentacled monstrosities
  A deep elf blademaster (Elf:3)
  2 deep elf master archers (Elf:3)
  6 titans (Vaults:5)
  A quicksilver dragon (Vaults:5)
  9 acid blobs
  An Executioner (Abyss:2)
  2 tentacled starspawn
  4 thorn hunters
  12 sphinxes
  Kirke (D:15)
  7 ancient champions
  9 draconian monks (Depths:5)
  2 storm dragons (Vaults:5)
  4 shadow dragons
  4 revenants
  6 azure jellies
  Donald (Vaults:3)
  6 tengu reavers
  2 draconian knights
  Louise (Elf:3)
  6 fire giants
  An iron dragon (Vaults:5)
  14 vault wardens
  6 emperor scorpions (Spider:4)
  2 curse skulls (Crypt:1)
  3 ghost moths (Spider:4)
  9 deep elf sorcerers (Elf:3)
  7 frost giants
  13 ghouls
  7 deep elf elementalists
  11 ironheart preservers
  2 war gargoyles (Vaults:5)
  14 very ugly things
  3 black draconians (Depths:5)
  4 vampire knights
  6 green draconians (Depths:5)
  7 deep elf demonologists
  20 stone giants
  3 deep elf annihilators (Elf:3)
  An entropy weaver (Spider:2)
  Azrael (Spider:2)
  3 purple draconians (Depths:5)
  3 white draconians (Depths:5)
  A dire elephant (D:15)
  A spark wasp (Spider:2)
  5 red draconians (Depths:5)
  8 ettins
  11 crystal guardians
  A green death (Abyss:4)
  4 death oozes
  5 eidola
  9 fire dragons
  4 quicksilver dragon zombies (Crypt:3)
  6 deep elf death magi
  10 jiangshi
  14 mummy priests
  10 yaktaur captains
  A minotaur (Lab)
  35 vault guards
  11 great orbs of eyes
  6 deep elf high priests
  8 ice dragons
  Fannar (Lair:3)
  A rakshasa (Vaults:1)
  12 ogre magi
  20 hydras
  2 juggernaut simulacra
  A catoblepas (Lair:4)
  40 two-headed ogres
  7 dancing weapons
  3 death yaks (Lair:5)
  2 spriggan air magi
  8 death knights
  8 tengu warriors
  5 alligators
  8 centaur warriors
  A queen ant (shapeshifter) (Vaults:5)
  6 deep troll shamans
  An orc high priest (Orc:2)
  8 vampire magi
  4 deep troll earth magi
  16 death scarabs
  8 deep elf knights
  3 spriggan berserkers
  A soul eater (Depths:2)
  6 hell knights
  A sun demon (Abyss:4)
  2 titan skeletons (Depths:4)
  A wretched star (Abyss:4)
  A fire crab (Lair:6)
  2 iron trolls
  2 death drakes (Depths:5)
  A sixfirhy (Abyss:3)
  A fire crab (shapeshifter) (Depths:1)
  25 skeletal warriors
  A spriggan druid (Swamp:2)
  A death drake (shapeshifter) (Vaults:5)
  A ghost moth zombie (Crypt:3)
  42 deep trolls
  6 flayed ghosts
  4 unseen horrors
  5 wizards
  3 glowing orange brains
  7 orc knights
  13 deep elf archers
  2 shambling mangroves
  An anaconda skeleton (Tomb:3)
  14 swamp dragons
  11 ironbrand convokers
  A harpy (Vaults:3)
  4 lindwurms
  A shadow dragon zombie (Crypt:3)
  18 phantasmal warriors
  4 necromancers
  34 deep elf magi
  A wolf spider (shapeshifter) (Depths:2)
  7 orc sorcerers
  4 shining eyes
  3 iron dragon zombies (Crypt:3)
  A stone giant zombie (Crypt:3)
  10 orb spiders
  A salamander (D:15)
  2 manticores
  23 wolf spiders
  A worldbinder (Abyss:2)
  A frost giant zombie (Crypt:3)
  2 frost giant skeletons
  24 ugly things
  2 fire giant zombies
  4 cyclopes
  10 elephants
  5 black mambas
  14 vault sentinels
  An iron dragon skeleton (Depths:3)
  8 eyes of devastation
  2 molten gargoyles (Lair:6)
  3 gargoyles
  2 torpor snails
  A smoke demon (Abyss:4)
  A spiny frog (shapeshifter) (Vaults:5)
  A guardian serpent (shapeshifter) (Vaults:2)
  3 centaur skeletons
  A dire elephant skeleton (Tomb:2)
  45 yaktaurs
  A rime drake (Lair:6)
  9 komodo dragons
  10 spiny frogs
  An efreet (D:15)
  10 freezing wraiths
  25 guardian mummies
  A harpy zombie (Crypt:3)
  An ice devil (Abyss:4)
  4 kobold demonologists
  4 demonic crawlers
  A sea snake skeleton (Crypt:2)
  3 meliai (D:14)
  14 jumping spiders
  An ancient zyme (Abyss:4)
  5 tengu conjurers
  5 trolls
  A tengu simulacrum (Depths:4)
  The ghost of sagitran the Skirmisher, an amateur DsAK of Lugonu (D:5)
  2 hornets (shapeshifter)
  56 slime creatures
  10 hornets
  3 ettin zombies
  4 tyrant leeches
  A raiju (shapeshifter) (Vaults:2)
  An ice dragon zombie (Crypt:3)
  13 bog bodies
  A dream sheep (shapeshifter) (Vaults:3)
  18 blink frogs
  A dream sheep (Lair:6)
  13 large abominations
  A blink frog (shapeshifter) (Vaults:3)
  7 hippogriffs
  A meliai zombie (D:13)
  14 flying skulls
  An alligator skeleton (Tomb:1)
  7 small abominations
  A stone giant simulacrum (Vaults:4)
  11 wyverns
  15 shadows
  4 ushabtiu
  2 redbacks (shapeshifter)
  39 redbacks
  4 air elementals
  4 vampires
  7 spriggans
  67 yaks
  22 tarantellas
  2 water elementals
  7 wraiths
  Eustachio (D:6)
  4 hogs (D:15)
  2 fire elementals
  4 golden eyes
  2 chaos spawn (Depths:1)
  4 steam dragons
  2 neqoxecs
  3 hungry ghosts
  7 basilisks
  22 swamp worms
  2 wargs
  A merfolk zombie (Crypt:3)
  A swamp worm (shapeshifter) (Vaults:5)
  5 insubstantial wisps (Swamp:2)
  21 vampire mosquitoes
  A floating eye (Abyss:3)
  9 hell hounds
  7 porcupines
  10 water moccasins
  A spiny frog zombie (Crypt:3)
  A floating eye (shapeshifter) (Vaults:5)
  9 swamp drakes
  2 black bears
  25 orc warriors
  3 ice beasts
  2 sky beasts (D:10)
  An ice beast (shapeshifter) (Vaults:1)
  A hornet zombie (D:10)
  A water nymph skeleton (Crypt:1)
  3 eyes of draining
  3 starcursed masses (Abyss:4)
  2 black bears (shapeshifter)
  24 ogres
  2 phantoms (Crypt:3)
  13 necrophages
  8 boggarts
  27 centaurs
  12 wolves
  8 crocodiles
  An octopode zombie (Crypt:2)
  A draconian zombie (Crypt:1)
  4 big kobolds
  An elf zombie (Crypt:3)
  15 bullfrogs
  8 gnoll sergeants (Bailey)
  A cyclops zombie (Crypt:2)
  2 scorpions
  2 wyvern skeletons (Crypt:3)
  4 killer bees (D:8)
  A troll zombie (Crypt:1)
  4 electric eels
  23 wights
  2 howler monkeys (D:10)
  6 crimson imps
  5 lava snakes (Lair:6)
  4 centaur zombies
  2 quasits
  10 hounds
  A human simulacrum (Vaults:4)
  A bullfrog skeleton (D:10)
  6 gnoll shamans (Bailey)
  25 orc priests
  An iron imp (Abyss:2)
  4 jellies
  30 orc wizards
  2 iguanas
  A human skeleton (Crypt:2)
  7 hell rats (Lair:6)
  2 worker ants (D:14)
  A killer bee zombie (D:8)
  A crocodile zombie (Crypt:1)
  A tengu skeleton (Crypt:1)
  28 mummies
  18 gnolls
  10 adders
  5 river rats (Lair:6)
  3 shadow imps
  A white imp (Abyss:3)
  2 ufetubi (Abyss:2)
  2 oozes
  An adder skeleton (D:4)
  An iguana skeleton (Crypt:1)
  A worm (D:2)
  3 dart slugs
  3 leopard geckos
  65 orcs
  3 giant cockroaches
  2 gnoll zombies (D:5)
  A goblin (D:2)
  3 hobgoblins
  7 jackals
  19 kobolds
  4 quokkas
  3 frilled lizards
  An orc zombie (Crypt:3)
  8 rats
  A crawling corpse (Elf:3)
  A plant (D:9)
  A withered plant (Crypt:1)
2048 creatures vanquished.

Vanquished Creatures (collateral kills)
  An orb spider (Spider:4)
1 creature vanquished.

Vanquished Creatures (others)
  A revenant (Tomb:1)
  A hydra (Swamp:4)
  11 death scarabs
  A shadow wraith (Vaults:3)
  A swamp dragon (Swamp:4)
  2 deep elf magi
  4 flying skulls (Tomb:2)
  A human (D:15)
  2 swamp drakes (Swamp:4)
  2 boggarts (Vaults:3)
  2 mummies (Tomb:1)
  A ball lightning (Tomb:2)
  3 fungi
  9 plants
  A spectral weapon (Crypt:3)
  7 starspawn tentacles
  16 withered plants
65 creatures vanquished.

Grand Total: 2114 creatures vanquished

Notes
Turn   | Place    | Note
-------+----------+-------------------------------------------
     0 | D:1      | 4thArraOfDagon the Naga Conjurer began the quest for the Orb.
     0 | D:1      | Reached XP level 1. HP: 15/15 MP: 3/3
    15 | D:2      | murphy: NaCj of Ely seems like a super bad combo
    18 | D:2      | Found a faded altar of an unknown god.
    21 | D:2      | Became a worshipper of Warmaster Okawaru
    21 | D:2      | Reached * piety under Okawaru
    22 | D:2      | 4thArraOfDagon: might be better
   183 | D:2      | Reached skill level 1 in Fighting
   214 | D:2      | Reached XP level 2. HP: 10/26 MP: 1/5
   295 | D:2      | Found a shimmering altar of Xom.
   348 | D:2      | Found a glowing silver altar of Zin.
   384 | D:2      | Reached XP level 3. HP: 16/33 MP: 6/6
   432 | D:2      | Found a sparkling altar of Nemelex Xobeh.
   726 | D:4      | Identified the Grimoire of Shifting Intoxication
   928 | D:3      | Found a stormy altar of Qazlal.
   964 | D:3      | Noticed a yak
   965 | D:3      | Noticed a centaur
   966 | D:3      | Noticed an orc warrior
   974 | D:3      | Found a transporter.
   985 | D:3      | Found a transporter.
  1043 | D:2      | Reached XP level 4. HP: 43/43 MP: 7/7
  1288 | D:4      | Reached skill level 1 in Invocations
  1294 | D:4      | Reached XP level 5. HP: 50/50 MP: 8/8
  1317 | D:4      | Reached skill level 2 in Invocations
  1450 | D:4      | Reached ** piety under Okawaru
  1487 | D:5      | Entered Level 5 of the Dungeon
  1495 | D:5      | Got an ivory dire flail
  1496 | D:5      | Identified the +12 dire flail "Fypt" {crush, Str+6} (You found it on level 5 of the Dungeon)
  1497 | D:5      | 4thArraOfDagon: haha
  1551 | D:5      | Found a basalt altar of Yredelemnul.
  1579 | D:5      | Found a staircase to the Ecumenical Temple.
  1579 | D:5      | Noticed an ogre
  1586 | D:5      | Killed an ogre
  1586 | D:5      | Reached skill level 3 in Invocations
  1586 | D:5      | Reached XP level 6. HP: 58/58 MP: 5/9
  1650 | D:5      | Noticed sagitran's ghost (amateur DsAK)
  1665 | D:5      | Killed sagitran's ghost
  1665 | D:5      | Reached XP level 7. HP: 64/66 MP: 7/10
  1674 | D:5      | Found Nufey's Armour Boutique.
  1710 | D:5      | Reached *** piety under Okawaru
  1724 | D:5      | Found Kacsieh's Food Emporium.
  1728 | D:5      | Reached skill level 4 in Invocations
  1792 | D:5      | Found Seddares's Assorted Antiques.
  1793 | D:5      | Found Ede Covosm's Book Boutique.
  1793 | D:5      | Found Saif's Weapon Boutique.
  1811 | D:5      | Bought a scroll labeled NOUFRO KITAT for 18 gold pieces
  1811 | D:5      | Bought a scroll labeled QUERAI CIEFF for 18 gold pieces
  1811 | D:5      | Bought a green potion for 16 gold pieces
  1811 | D:5      | Bought a scroll labeled SYFFUKLUDOOLE for 18 gold pieces
  1811 | D:5      | Bought a large jasper amulet for 90 gold pieces
  1976 | D:5      | Reached skill level 5 in Maces & Flails
  2107 | D:6      | Reached XP level 8. HP: 73/73 MP: 8/11
  2109 | D:6      | Reached skill level 5 in Invocations
  2196 | D:6      | Noticed Eustachio
  2217 | D:6      | Killed Eustachio
  2354 | D:6      | Reached **** piety under Okawaru
  2420 | D:6      | Found a shimmering altar of Xom.
  2539 | D:7      | Found a hazy altar of Hepliaklqana.
  2578 | D:7      | Reached XP level 9. HP: 66/79 MP: 9/12
  2792 | D:7      | Got a steaming mace
  2904 | D:8      | Noticed a two-headed ogre
  2913 | D:8      | Killed a two-headed ogre
  2913 | D:8      | Reached ***** piety under Okawaru
  2913 | D:8      | Reached skill level 10 in Maces & Flails
  3071 | D:9      | Found a staircase to the Lair.
  3112 | D:8      | Reached XP level 10. HP: 79/87 MP: 13/13
  3239 | D:9      | Noticed a two-headed ogre
  3247 | D:9      | Killed a two-headed ogre
  3247 | D:9      | Received a gift from Okawaru
  3298 | D:10     | Entered Level 10 of the Dungeon
  3402 | D:10     | Gained mutation: Your body sometimes deteriorates upon taking damage. [mutagenic meat]
  3403 | D:10     | Gained mutation: You are dopey. (Int -2) [mutagenic meat]
  3404 | D:10     | Gained mutation: Your body often deteriorates upon taking damage. [mutagenic meat]
  3405 | D:10     | Gained mutation: You are very dopey. (Int -4) [mutagenic meat]
  3406 | D:10     | Lost mutation: You are very dopey. (Int -4) [mutagenic meat]
  3413 | D:10     | Gained mutation: You are agile. (Dex +2) [mutagenic meat]
  3640 | D:11     | Noticed an unseen horror
  3640 | D:11     | Noticed an unseen horror
  3648 | D:11     | Killed an unseen horror
  3648 | D:11     | Received a gift from Okawaru
  3713 | D:11     | Noticed a cyan ugly thing
  3715 | D:11     | Killed an unseen horror
  3715 | D:11     | Reached XP level 11. HP: 79/93 MP: 11/14
  3721 | D:11     | Noticed a green ugly thing
  3724 | D:11     | Killed a cyan ugly thing
  3732 | D:11     | Killed a green ugly thing
  3960 | D:11     | Reached skill level 15 in Maces & Flails
  3988 | D:10     | Gained mutation: You have a pair of small antennae on your head. [mutagenic meat]
  3989 | D:10     | Gained mutation: You are weak. (Str -2) [mutagenic meat]
  3990 | D:10     | Gained mutation: You are partially covered in molten scales. (AC +2) [mutagenic meat]
  3991 | D:10     | Lost mutation: You have a pair of small antennae on your head. [mutagenic meat]
  4022 | D:10     | Noticed a two-headed ogre
  4034 | D:10     | Killed a two-headed ogre
  4034 | D:10     | Reached skill level 1 in Armour
  4041 | D:10     | Reached ****** piety under Okawaru
  4041 | D:10     | Received a gift from Okawaru
  4224 | D:12     | Reached skill level 6 in Invocations
  4242 | D:12     | Noticed a cyan ugly thing
  4250 | D:12     | Killed a cyan ugly thing
  4250 | D:12     | Reached skill level 5 in Fighting
  4431 | D:12     | Found a portal to a secret trove of treasure.
  4505 | D:12     | Found a stormy altar of Qazlal.
  4580 | D:13     | Noticed a manticore
  4586 | D:13     | Killed a manticore
  4586 | D:13     | Reached skill level 7 in Invocations
  4722 | D:13     | Noticed a centaur warrior
  4737 | D:13     | Killed a centaur warrior
  4737 | D:13     | Reached XP level 12. HP: 93/104 MP: 17/17
  4824 | D:13     | Received a gift from Okawaru
  4824 | D:13     | Reached skill level 8 in Invocations
  4865 | D:13     | Found Kaozoas's Magic Scroll Emporium.
  4873 | D:13     | Bought a scroll of magic mapping for 45 gold pieces
  4873 | D:13     | Bought a scroll of fog for 26 gold pieces
  4882 | D:13     | Found a gate to the Vaults.
  4991 | D:14     | HP: 5/105 [meliai/divine providence (14)]
  5045 | D:13     | Noticed a seven-headed hydra
  5058 | D:14     | Noticed a seven-headed hydra
  5069 | D:14     | Noticed an eight-headed hydra
  5075 | D:14     | Killed an eight-headed hydra
  5087 | D:14     | Killed a seven-headed hydra
  5145 | D:13     | Reached skill level 9 in Invocations
  5381 | D:15     | Entered Level 15 of the Dungeon
  5407 | D:15     | Noticed a centaur warrior
  5430 | D:15     | Killed a centaur warrior
  5441 | D:15     | Reached skill level 10 in Invocations
  5460 | D:15     | Gained mutation: You can use your snake-like lower body to constrict enemies. [Naga growth]
  5460 | D:15     | Reached XP level 13. HP: 88/115 MP: 15/20
  5503 | D:15     | Reached skill level 5 in Dodging
  5598 | D:15     | Reached skill level 5 in Armour
  5609 | D:15     | Received a gift from Okawaru
  5671 | D:15     | Reached skill level 11 in Invocations
  6133 | D:11     | Found a staircase to the Orcish Mines.
  6179 | Orc:1    | Entered Level 1 of the Orcish Mines
  6187 | Orc:1    | Found Tyluafia's General Store.
  6195 | Orc:1    | Bought a scroll of enchant armour for 97 gold pieces
  6272 | Orc:1    | Found a flagged portal.
  6323 | Bailey   | Entered a bailey
  6518 | Bailey   | Got an ichor-stained chain mail
  6519 | Bailey   | Identified the +7 chain mail of Vinynar {rF+ Str+4 Int+4 SInv} (You found it in a bailey)
  6736 | Orc:1    | Found a roughly hewn altar of Beogh.
  6758 | Orc:2    | Entered Level 2 of the Orcish Mines
  6758 | Orc:2    | Found a roughly hewn altar of Beogh.
  6795 | Orc:2    | Found a staircase to the Elven Halls.
  6915 | Orc:2    | Noticed a stone giant
  6925 | Orc:2    | Killed a stone giant
  7101 | Orc:2    | Found Riesa's Distillery.
  7101 | Orc:2    | Found Zostaopu's Antique Armour Shop.
  7101 | Orc:2    | Found Pomics's Antique Weapon Boutique.
  7123 | Orc:2    | Reached skill level 12 in Invocations
  7131 | Orc:2    | Found Tousmus's Antique Armour Shop.
  7143 | Orc:2    | Bought an embroidered scarf for 184 gold pieces
  7154 | Orc:2    | Bought a potion of curing for 45 gold pieces
  7154 | Orc:2    | Bought a potion of curing for 45 gold pieces
  7154 | Orc:2    | Bought a potion of resistance for 150 gold pieces
  7154 | Orc:2    | Bought a potion of curing for 45 gold pieces
  7156 | Orc:2    | Bought a potion of cancellation for 120 gold pieces
  7156 | Orc:2    | Bought a potion of flight for 45 gold pieces
  7200 | Orc:2    | Received a gift from Okawaru
  7379 | Elf:1    | Entered Level 1 of the Elven Halls
  7425 | Elf:2    | Found Peisuapral's Distillery.
  7434 | Elf:2    | Reached XP level 14. HP: 123/127 MP: 20/23
  7543 | Elf:2    | Bought a potion of agility for 56 gold pieces
  7543 | Elf:2    | Bought a potion of curing for 42 gold pieces
  7543 | Elf:2    | Bought a potion of heal wounds for 70 gold pieces
  7543 | Elf:2    | Bought a potion of might for 56 gold pieces
  7543 | Elf:2    | Bought a potion of magic for 112 gold pieces
  7543 | Elf:2    | Bought 2 potions of curing for 84 gold pieces
  7601 | Elf:3    | Entered Level 3 of the Elven Halls
  7731 | Elf:3    | Reached skill level 13 in Invocations
  7818 | Elf:3    | Noticed a deep elf demonologist
  7823 | Elf:3    | Killed a deep elf demonologist
  7824 | Elf:3    | Noticed a deep elf demonologist
  7827 | Elf:3    | Killed a deep elf demonologist
  7838 | Elf:3    | Noticed a deep elf sorcerer
  7842 | Elf:3    | Killed a deep elf sorcerer
  7847 | Elf:3    | Noticed a deep elf sorcerer
  7853 | Elf:3    | Killed a deep elf sorcerer
  7866 | Elf:3    | Noticed a deep elf annihilator
  7872 | Elf:3    | Killed a deep elf annihilator
  7923 | Elf:3    | Received a gift from Okawaru
  7926 | Elf:3    | Noticed a deep elf master archer
  7929 | Elf:3    | Killed a deep elf master archer
  7947 | Elf:3    | Noticed a deep elf elementalist
  7950 | Elf:3    | Killed a deep elf elementalist
  7961 | Elf:3    | Got a crude silver ring
  7964 | Elf:3    | Identified the ring of the Quahog {MP+9 Int-4 Dex+5} (You took it off a deep elf mage on level 3 of the Elven Halls)
  7973 | Elf:3    | Noticed a deep elf sorcerer
  7973 | Elf:3    | Cast into level 2 of the Abyss (a deep elf sorcerer)
  7977 | Abyss:2  | Found an ancient bone altar of Kikubaaqudgha.
  8038 | Abyss:2  | Noticed a white draconian knight
  8054 | Abyss:2  | Killed a white draconian knight
  8054 | Abyss:2  | Reached skill level 14 in Invocations
  8116 | Abyss:2  | Upgraded the game from 0.21-a0-133-gf55ed5b to 0.21-a0-135-g8dc100c
  8182 | Abyss:2  | Noticed a Hell Sentinel
  8200 | Abyss:2  | Noticed an ancient lich
  8207 | Abyss:2  | Noticed a reaper
  8207 | Abyss:2  | Killed a Hell Sentinel
  8207 | Abyss:2  | Reached skill level 10 in Fighting
  8217 | Abyss:2  | Killed an ancient lich
  8217 | Abyss:2  | Received a gift from Okawaru
  8217 | Abyss:2  | Reached XP level 15. HP: 48/139 MP: 20/25
  8219 | Elf:3    | Escaped the Abyss
  8220 | Elf:3    | Noticed a deep elf sorcerer
  8230 | Elf:3    | Killed a deep elf sorcerer
  8236 | Elf:3    | Killed a deep elf sorcerer
  8240 | Elf:3    | Noticed a deep elf elementalist
  8240 | Elf:3    | Killed a deep elf elementalist
  8241 | Elf:3    | Noticed a deep elf sorcerer
  8247 | Elf:3    | Killed a deep elf sorcerer
  8253 | Elf:3    | Noticed a deep elf blademaster
  8260 | Elf:3    | Killed a deep elf blademaster
  8391 | Elf:3    | Noticed a deep elf elementalist
  8400 | Elf:3    | Killed a deep elf elementalist
  8400 | Elf:3    | Reached skill level 15 in Invocations
  8409 | Elf:3    | Noticed a deep elf elementalist
  8416 | Elf:3    | Killed a deep elf elementalist
  8425 | Elf:3    | Noticed a deep elf sorcerer
  8427 | Elf:3    | Noticed a deep elf sorcerer
  8432 | Elf:3    | Killed a deep elf sorcerer
  8436 | Elf:3    | Killed a deep elf sorcerer
  8439 | Elf:3    | Identified the +6 morningstar of Wemetych {flame, *Corrode Str+2 Dex+4 SInv} (You took it off a deep elf sorcerer on level 3 of the Elven Halls)
  8444 | Elf:3    | Got a clouded sapphire amulet
  8449 | Elf:3    | Identified the amulet "Feud" {+Fly rElec rF- Regen+ Stlth+} (You took it off a deep elf elementalist on level 3 of the Elven Halls)
  8452 | Elf:3    | Learned a level 1 spell: Apportation
  8469 | Elf:3    | Noticed a deep elf master archer
  8484 | Elf:3    | Killed a deep elf master archer
  8484 | Elf:3    | Received a gift from Okawaru
  8508 | Elf:3    | Noticed a deep elf sorcerer
  8520 | Elf:3    | Killed a deep elf sorcerer
  8531 | Elf:3    | Received a gift from Okawaru
  8533 | Elf:3    | Got a pitted copper ring
  8535 | Elf:3    | Identified the ring of Jalog {Fire *Drain rPois Dex+3 SInv} (You took it off a deep elf sorcerer on level 3 of the Elven Halls)
  8656 | Elf:3    | Noticed a deep elf elementalist
  8660 | Elf:3    | Killed a deep elf elementalist
  8751 | Elf:3    | Noticed a deep elf sorcerer
  8793 | Elf:3    | Learned a level 2 spell: Sublimation of Blood
  8814 | Elf:3    | Cast into level 2 of the Abyss (a deep elf demonologist)
  8893 | Abyss:2  | Got a warped great mace
  8894 | Abyss:2  | Identified the cursed +1 great mace of the Absolute Madman {crush, rPois MP+9} (You found it on level 2 of the Abyss)
  8902 | Abyss:2  | Found a corrupted altar of Lugonu.
  8917 | Abyss:2  | Noticed an Executioner
  8928 | Abyss:2  | Killed an Executioner
  8928 | Abyss:2  | Reached XP level 16. HP: 44/150 MP: 27/27
  9106 | Abyss:3  | Got a smoking plate armour
  9145 | Abyss:3  | Noticed a tentacled starspawn
  9149 | Abyss:3  | Gained mutation: Your spells are a little easier to cast, but a little less powerful. [a shining eye]
  9155 | Abyss:3  | Gained mutation: You expend magic power (3 MP) to strengthen your wands. [a shining eye]
  9174 | Abyss:3  | Killed a tentacled starspawn
  9282 | Abyss:3  | Lost mutation: Your body often deteriorates upon taking damage. [potion of mutation]
  9282 | Abyss:3  | Lost mutation: You are agile. (Dex +2) [potion of mutation]
  9282 | Abyss:3  | Gained mutation: Your magical capacity is low. (-10% MP) [potion of mutation]
  9282 | Abyss:3  | Gained mutation: You are somewhat resistant to further mutation. [potion of mutation]
  9283 | Abyss:3  | Lost mutation: You are partially covered in molten scales. (AC +2) [potion of mutation]
  9283 | Abyss:3  | Lost mutation: Your spells are a little easier to cast, but a little less powerful. [potion of mutation]
  9283 | Abyss:3  | Gained mutation: Your movements are slightly less encumbered by armour. (ER -2) [potion of mutation]
  9327 | Abyss:3  | Noticed a bone dragon
  9369 | Abyss:4  | Found a snail-covered altar of Cheibriados.
  9461 | Abyss:4  | Noticed a tentacled starspawn
  9568 | Abyss:4  | Noticed a tentacled starspawn
  9573 | Abyss:4  | Killed a tentacled starspawn
  9575 | Elf:3    | Escaped the Abyss
  9580 | Elf:3    | Reached skill level 16 in Invocations
  9608 | Elf:3    | Identified the +2 plate armour of Submission {*Slow rC+ Str+4 Int+4} (You found it on level 3 of the Abyss)
  9645 | Elf:3    | Received a gift from Okawaru
  9812 | Elf:3    | Noticed Louise
  9829 | Elf:3    | Killed Louise
 10158 | Elf:2    | Found a huge runed gate.
 10158 | Elf:2    | Found a huge runed gate.
 10158 | Elf:2    | Found a huge runed gate.
 10159 | Elf:2    | Found a huge runed gate.
 10161 | Elf:2    | Found a huge runed gate.
 10195 | Elf:2    | Bought a potion of mutation for 112 gold pieces
 10195 | Elf:2    | Lost mutation: You are weak. (Str -2) [potion of mutation]
 10195 | Elf:2    | Lost mutation: Your magical capacity is low. (-10% MP) [potion of mutation]
 10195 | Elf:2    | Lost mutation: You are dopey. (Int -2) [potion of mutation]
 10195 | Elf:2    | Gained mutation: You are covered in fur. (AC +1) [potion of mutation]
 10867 | Lair:1   | Entered Level 1 of the Lair of Beasts
 11015 | Lair:1   | Received a gift from Okawaru
 11102 | Lair:2   | Found a hole to the Spider Nest.
 11113 | Spider:1 | Entered Level 1 of the Spider Nest
 11297 | Spider:2 | Noticed Azrael
 11323 | Spider:2 | Killed Azrael
 11373 | Spider:2 | Reached XP level 17. HP: 124/159 MP: 21/29
 11565 | Spider:4 | Entered Level 4 of the Spider Nest
 11710 | Spider:4 | Reached skill level 17 in Invocations
 11745 | Spider:4 | Received a gift from Okawaru
 11800 | Spider:4 | Reached skill level 10 in Dodging
 11814 | Spider:4 | Got a crude flail {god gift}
 11834 | Spider:4 | Got a gossamer rune of Zot
 12679 | Lair:3   | Noticed Fannar
 12695 | Lair:3   | Killed Fannar
 12799 | Lair:4   | Found a dark tunnel.
 12817 | Volcano  | Entered a volcano
 13001 | Lair:4   | Received a gift from Okawaru
 13124 | Lair:4   | Identified the +5 flail "Jepry" {crush, Fragile rN++ Dex+4} (Okawaru gifted it to you on level 4 of the Spider Nest)
 13339 | Lair:5   | Reached skill level 10 in Armour
 13370 | Lair:5   | Found a labyrinth entrance.
 13404 | Lab      | Entered a labyrinth
 13656 | Lab      | Reached XP level 18. HP: 147/169 MP: 23/30
 13667 | Lab      | Learned a level 2 spell: Blink
 13817 | Lair:5   | Reached skill level 1 in Translocations
 14002 | Lair:6   | Entered Level 6 of the Lair of Beasts
 14002 | Lair:6   | Found a staircase to the Slime Pits.
 14220 | Lair:6   | Received a gift from Okawaru
 14223 | Lair:6   | Found a large runed door.
 14224 | Lair:6   | Found a large runed door.
 14324 | Lair:6   | Got an ancient hand crossbow
 14326 | Lair:6   | Identified the +3 hand crossbow of Wyrd {freeze, rF+ MR++ Str+4} (You found it on level 6 of the Lair of Beasts)
 14838 | Lair:3   | Found a staircase to the Swamp.
 14859 | Swamp:1  | Entered Level 1 of the Swamp
 14866 | Swamp:1  | Reached skill level 18 in Invocations
 15166 | Swamp:1  | Received a gift from Okawaru
 15564 | Swamp:2  | Lost mutation: You are somewhat resistant to further mutation. [potion of mutation]
 15564 | Swamp:2  | Lost mutation: Your movements are slightly less encumbered by armour. (ER -2) [potion of mutation]
 15564 | Swamp:2  | Lost mutation: Your body sometimes deteriorates upon taking damage. [potion of mutation]
 15564 | Swamp:2  | Lost mutation: You expend magic power (3 MP) to strengthen your wands. [potion of mutation]
 15564 | Swamp:2  | Gained mutation: You have a pair of small horns on your head. [potion of mutation]
 15564 | Swamp:2  | Gained mutation: You are agile. (Dex +2) [potion of mutation]
 15752 | Swamp:4  | Entered Level 4 of the Swamp
 15855 | Swamp:4  | Noticed a tentacled monstrosity
 15872 | Swamp:4  | Killed a tentacled monstrosity
 15872 | Swamp:4  | Received a gift from Okawaru
 15872 | Swamp:4  | Reached skill level 1 in Evocations
 15888 | Swamp:4  | Reached XP level 19. HP: 94/177 MP: 17/32
 16067 | Swamp:4  | Got a decaying rune of Zot
 16927 | D:14     | Received a gift from Okawaru
 17050 | D:15     | Found a shattered altar of Ashenzari.
 17051 | D:15     | Noticed Kirke
 17064 | D:15     | Killed Kirke
 17205 | D:15     | Found a staircase to the Depths.
 17237 | Depths:1 | Entered Level 1 of the Depths
 17249 | Depths:1 | Noticed Sojobo
 17348 | Depths:1 | Killed Sojobo
 17391 | Depths:1 | Found a sparkling altar of Nemelex Xobeh.
 17454 | Depths:1 | Found a gateway to a ziggurat.
 17516 | Depths:1 | Found a gateway to Hell.
 17838 | Depths:2 | Paralysed by a wizard for 4 turns
 17845 | Depths:2 | Paralysed by a great orb of eyes for 4 turns
 17896 | Depths:2 | Noticed a golden dragon
 17913 | Depths:2 | Killed a golden dragon
 17913 | Depths:2 | Reached skill level 19 in Invocations
 17933 | Depths:2 | Received a gift from Okawaru
 17949 | Depths:2 | Noticed a tentacled monstrosity
 17967 | Depths:2 | Killed a tentacled monstrosity
 17967 | Depths:2 | Reached XP level 20. HP: 95/188 MP: 16/33
 17979 | Depths:2 | Got a dazzling great mace {god gift}
 17982 | Depths:2 | Identified the +2 great mace of Integrity {crush, rElec Str+5} (Okawaru gifted it to you on level 2 of the Depths)
 18113 | Depths:2 | Noticed a golden dragon
 18125 | Depths:2 | Killed a golden dragon
 18363 | Depths:2 | murphy: did you see? gnolls got changed
 18392 | Depths:2 | 4thArraOfDagon: ye
 18392 | Depths:2 | 4thArraOfDagon: I hav tried one gnoll
 18392 | Depths:2 | 4thArraOfDagon: they sucjk ;p
 18405 | Depths:2 | murphy: when was that?
 18437 | Depths:2 | Noticed Nikola
 18447 | Depths:2 | Received a gift from Okawaru
 18460 | Depths:2 | Killed Nikola
 18465 | Depths:2 | murphy: cool title btw
 18530 | Depths:2 | Reached skill level 5 in Evocations
 18866 | Depths:3 | 4thArraOfDagon: I was thinking
 18866 | Depths:3 | 4thArraOfDagon: new gnolls are ideal for ru
 18894 | Depths:3 | murphy: hm...
 18933 | Depths:3 | Identified the +6 ring mail "Iteov" {+Fly} (You found it on level 3 of the Depths)
 19037 | Depths:3 | murphy: i disagree here
 19058 | Depths:3 | murphy: but what do i know XD
 19105 | Depths:3 | murphy: i have no real exp yet
 19493 | Depths:4 | murphy: !log 4thArraofDagon Gn
 19495 | Depths:4 | beem: 21. 4thArraOfDagon, XL16 GnWn, T:29644: http://crawl.xtahua.com/crawl/morgue/4thArraOfDagon/morgue-4thArraOfDagon-20170717-104248.txt
 19499 | Depths:4 | Received a gift from Okawaru
 19675 | Depths:4 | murphy: oh you tried the new one already
 19703 | Depths:4 | Reached skill level 20 in Invocations
 19866 | Depths:4 | Found a one-way gate to the infinite horrors of the Abyss.
 19873 | Depths:4 | Reached XP level 21. HP: 197/198 MP: 33/35
 20049 | Depths:4 | murphy: lol charly stole lom's rune
 20081 | Depths:4 | murphy: now he has to fight cerebos and lom at the same time
 20145 | Depths:4 | Received a gift from Okawaru
 20293 | Depths:4 | Identified a scroll of acquirement
 20383 | Depths:5 | Entered Level 5 of the Depths
 20688 | Depths:5 | Noticed a juggernaut
 20708 | Depths:5 | Killed a juggernaut
 20731 | Depths:5 | Found a runed door.
 20732 | Depths:5 | Found a runed door.
 20794 | Depths:5 | Found a runed warning-scrawled door.
 20825 | Depths:5 | Found Wuaxocy's Jewellery Boutique.
 20826 | Depths:5 | Found Neicruo's Gadget Emporium.
 20826 | Depths:5 | Found Ycoogarr's Gadget Emporium.
 20833 | Depths:5 | Bought the amulet "Fatrol" {Reflect Str+4 Int+4 SH+4} for 762 gold pieces
 20970 | Depths:5 | Noticed a golden dragon
 21015 | Depths:5 | Killed a golden dragon
 21015 | Depths:5 | Received a gift from Okawaru
 21049 | Depths:5 | Got an encrusted naga barding {god gift}
 21071 | Depths:5 | Reached XP level 22. HP: 147/208 MP: 34/36
 21116 | Depths:5 | Found a gate to the Realm of Zot.
 21589 | Depths:1 | Identified the +4 naga barding "Colilik" {rC+ MR+ rCorr} (Okawaru gifted it to you on level 5 of the Depths)
 21954 | Slime:1  | Entered Level 1 of the Pits of Slime
 21966 | Slime:1  | Reached skill level 21 in Invocations
 22026 | Slime:4  | Reached skill level 15 in Fighting
 22100 | Slime:5  | Entered Level 5 of the Pits of Slime
 22229 | Slime:5  | Received a gift from Okawaru
 22307 | Slime:5  | Found a viscous altar of Jiyva.
 22307 | Slime:5  | Noticed the Royal Jelly
 22316 | Slime:5  | Killed the Royal Jelly
 22368 | Slime:5  | Lost mutation: You are agile. (Dex +2) [a shining eye]
 22392 | Slime:5  | Learned a level 2 spell: Passwall
 22397 | Slime:5  | Learned a level 4 spell: Passage of Golubria
 22400 | Slime:5  | Learned a level 2 spell: Swiftness
 22406 | Slime:5  | Learned a level 5 spell: Lee's Rapid Deconstruction
 22407 | Slime:5  | Got a faintly glowing flail
 22425 | Slime:5  | Identified the +10 flail "Izups" {crush, *Slow MR+++ Str+4 Dex-3} (You found it on level 5 of the Pits of Slime)
 22437 | Slime:5  | Learned a level 3 spell: Regeneration
 22441 | Slime:5  | Learned a level 3 spell: Spectral Weapon
 22444 | Slime:5  | Learned a level 2 spell: Song of Slaying
 22445 | Slime:5  | Got a slimy rune of Zot
 22448 | Slime:5  | Got a translucent cloak
 22492 | Slime:5  | Identified the +0 cloak of Integrity {rC++ rN+ Stlth-} (You found it on level 5 of the Pits of Slime)
 22836 | Vaults:1 | Entered Level 1 of the Vaults
 22840 | Vaults:1 | Received a gift from Okawaru
 22893 | Vaults:1 | Reached skill level 1 in Charms
 22897 | Vaults:1 | Reached skill level 1 in Necromancy
 23125 | Vaults:1 | Got a heavily runed platinum ring
 23127 | Vaults:1 | Identified the ring of the Saviour {rElec rC++ rN+ Stlth-} (You found it on level 1 of the Vaults)
 23220 | Vaults:1 | Received a gift from Okawaru
 23237 | Vaults:1 | Reached XP level 23. HP: 89/217 MP: 33/37
 23483 | Vaults:2 | Reached skill level 5 in Necromancy
 23493 | Vaults:2 | Reached skill level 5 in Charms
 23890 | Vaults:3 | Reached skill level 5 in Spellcasting
 24027 | Vaults:3 | Found Lumoper's Distillery.
 24054 | Vaults:3 | Bought a potion of might for 64 gold pieces
 24054 | Vaults:3 | Bought a potion of curing for 48 gold pieces
 24054 | Vaults:3 | Bought a potion of agility for 64 gold pieces
 24054 | Vaults:3 | Bought a potion of cancellation for 128 gold pieces
 24054 | Vaults:3 | Bought a potion of curing for 48 gold pieces
 24054 | Vaults:3 | Bought a potion of heal wounds for 80 gold pieces
 24054 | Vaults:3 | Bought a potion of haste for 160 gold pieces
 24263 | Vaults:3 | Noticed Donald
 24287 | Vaults:3 | Killed Donald
 24312 | Vaults:3 | Reached skill level 1 in Hexes
 24513 | Vaults:4 | Received a gift from Okawaru
 24566 | Vaults:4 | Reached skill level 5 in Hexes
 24843 | Vaults:5 | Entered Level 5 of the Vaults
 24924 | Vaults:5 | Noticed an ancient lich
 24949 | Vaults:5 | Received a gift from Okawaru
 24976 | Vaults:5 | Reached XP level 24. HP: 218/226 MP: 31/37
 25068 | Vaults:5 | Killed an ancient lich
 25068 | Vaults:5 | Reached skill level 10 in Hexes
 25072 | Vaults:5 | Received a gift from Okawaru
 25145 | Vaults:5 | Identified the +6 great mace of Expedience {vamp, rC+ Int+2 Dex+5} (You found it on level 5 of the Vaults)
 25164 | Vaults:5 | Got a bound amethyst amulet
 25171 | Vaults:5 | Identified the amulet of Zalass {Reflect Str+2 SH+4} (You found it on level 5 of the Vaults)
 25257 | Vaults:5 | Received a gift from Okawaru
 25357 | Vaults:5 | Identified the Incunabulum of Unstable Stolen Souls
 25599 | Vaults:5 | Noticed Jory
 25626 | Vaults:5 | Killed Jory
 25626 | Vaults:5 | Received a gift from Okawaru
 25811 | Vaults:5 | Got a silver rune of Zot
 25835 | Vaults:5 | Identified the amulet of Asiezenn {RegenMP rN+ Int+3} (You found it on level 5 of the Vaults)
 25866 | Vaults:5 | Identified the ring "Hugul" {Str+2 Dex-4 Slay+2 Stlth-} (You found it on level 5 of the Vaults)
 25982 | Vaults:5 | Noticed Frederick
 25989 | Vaults:5 | Killed Frederick
 26010 | Vaults:5 | Identified the cursed +1 long sword "Puutiapn" {venom, rC+} (You took it off a vault sentinel on level 5 of the Vaults)
 26084 | Vaults:5 | Identified the +9 hand crossbow "Beast's Nightmare" {venom, rN+ Str+3} (You found it on level 5 of the Vaults)
 26090 | Vaults:5 | Identified the +1 arbalest "Reneh" {flame, Str+3 Int+3} (You found it on level 5 of the Vaults)
 26121 | Vaults:5 | Found Efaesab's Armour Shop.
 26239 | Vaults:4 | Reached XP level 25. HP: 234/234 MP: 34/37
 26242 | Vaults:4 | Received a gift from Okawaru
 26360 | Vaults:4 | Noticed TotoDurand's ghost (legendary FoFi)
 26393 | Vaults:4 | Killed TotoDurand's ghost
 26425 | Vaults:4 | Reached skill level 1 in Earth Magic
 26628 | Vaults:2 | Found Ititom's Jewellery Shoppe.
 26646 | Vaults:2 | Noticed Asterion
 26657 | Vaults:2 | Killed Asterion
 26762 | Vaults:2 | Reached skill level 5 in Earth Magic
 26831 | Vaults:2 | Found a staircase to the Crypt.
 26836 | Crypt:1  | Entered Level 1 of the Crypt
 26967 | Crypt:1  | Received a gift from Okawaru
 27123 | Crypt:1  | Noticed an ancient lich
 27150 | Crypt:1  | Killed an ancient lich
 27168 | Crypt:1  | Identified the ring "Ytaefico" {rF+ EV+3 Dex+3} (You took it off a vampire knight on level 1 of the Crypt)
 27345 | Crypt:2  | Reached skill level 10 in Earth Magic
 27345 | Crypt:2  | Reached XP level 26. HP: 244/244 MP: 37/37
 27604 | Crypt:2  | Identified the -2 pair of gloves of Lezeghom {+Fly rC++ Regen+ Int-5} (You acquired it on level 2 of the Crypt)
 27633 | Crypt:3  | Entered Level 3 of the Crypt
 27992 | Crypt:3  | Found a basalt altar of Yredelemnul.
 28017 | Crypt:3  | Reached XP level 27. HP: 197/251 MP: 36/37
 28076 | Crypt:3  | Received a gift from Okawaru
 28222 | Crypt:3  | Reached skill level 22 in Invocations
 28236 | Crypt:3  | Identified Borgnjor's Reference Book on Evil Secrets
 28238 | Crypt:3  | Identified the Handbook of Feathers and Conjuration
 28497 | Crypt:3  | Noticed Bai Suzhen
 28530 | Crypt:3  | Killed Bai Suzhen
 28625 | Crypt:3  | Found a staircase to the Tomb.
 28769 | Tomb:1   | Entered Level 1 of the Tomb of the Ancients
 28934 | Tomb:1   | Reached skill level 23 in Invocations
 29055 | Tomb:1   | Noticed a greater mummy
 29105 | Tomb:1   | Killed a greater mummy
 29105 | Tomb:1   | Reached skill level 5 in Translocations
 29219 | Tomb:1   | Received a gift from Okawaru
 29220 | Tomb:1   | Noticed a greater mummy
 29263 | Tomb:1   | Killed a greater mummy
 29311 | Tomb:1   | Identified the scarf of Evecw {rN+ rCorr Str+4} (Okawaru gifted it to you on level 1 of the Tomb of the Ancients)
 29481 | Tomb:2   | Noticed a greater mummy
 29635 | Tomb:3   | Entered Level 3 of the Tomb of the Ancients
 29665 | Tomb:3   | Noticed a greater mummy
 29675 | Tomb:3   | Noticed a greater mummy
 29711 | Tomb:3   | Killed a greater mummy
 29743 | Tomb:3   | Noticed a greater mummy
 29748 | Tomb:2   | HP: 12/252 [guardian mummy's death curse (25)]
 29881 | Tomb:3   | Killed a greater mummy
 30016 | Tomb:3   | Noticed a greater mummy
 30067 | Tomb:3   | Noticed a greater mummy
 30072 | Tomb:3   | HP: 11/253 [mummy priest's death curse (20)]
 30089 | Tomb:3   | Got a golden rune of Zot
 30110 | Tomb:3   | Mangled by a greater mummy

Vault maps used:
D:1:      minmay_arrival_up_and_down
D:2:      lemuel_doored_altar, nemelex_xobeh_ov_fountains_minmay, zin_statuary,
          chequers_ecumenical_altar_simple_redux
D:3:      gammafunk_temple_overflow_arena, serial_curves, eino_curves_03,
          eino_curves_02
D:4:      minivault_24, serial_bayou_pond_c
D:5:      lemuel_zombie_altar_yredelemnul, temple_statues, first_bread,
          serial_shops, shop_fountains, minmay_shop_grid_forest
D:6:      minmay_misc_feat_room, lemuel_statue_altar, uniq_eustachio
D:7:      lemuel_round_altar, basic_altar, serial_shops, kennysheep_little_box
D:8:      grunt_gozag_statues, old_standard_altar, uniq_psyche
D:9:      david_lair_shrubbed, hangedman_fish_farm
D:10:     serial_bayou_pond_e
D:11:     erik_orc_1, grunt_potential
D:12:     nicolae_trove_entry_free_sample, nicolae_qazlal_style_of_elements
D:13:     erik_vaults_1, serial_shops, shop, nicolae_ru_sacrificial_ziggurat
D:14:     minmay_misc_feat_rows
D:15:     hangedman_depths_entry_try_elsewhere_first, tgw_sif,
          evilmike_ruin_ashenzari, uniq_nessos, uniq_kirke
Lair:2:   dummy_spider_entry
Lair:3:   nicolae_swamp_entry_splash_gauntlet, uniq_fannar
Lair:4:   lightli_volcano_entry_magma_tube, disabler_island
Lair:5:   serial_forest, infiniplex_forest_fountain,
          infiniplex_forest_straight_3, infiniplex_forest_end_1,
          infiniplex_forest_lined_ring, infiniplex_forest_end_2,
          infiniplex_forest_straight_2, infiniplex_forest_clump_tiny,
          infiniplex_forest_end_2, lab_entry_generic, serial_bayou_shore_a
Lair:6:   cheibrodos_lair_end_hotspot, slime_dummy, columned_hall_lemuel,
          kennysheep_abandoned_house
Swamp:1:  hangedman_swamp_diagram, swamp_pool3, st_shrine_of_shade
Swamp:2:  serial_swamp_ruin, evilmike_swamp_ruin_rubble_2,
          evilmike_swamp_ruin_house_1
Swamp:3:  evilmike_swamp_ruin_house_5
Swamp:4:  swamp_alternative, swamp_pool1
Spider:2: guppyfry_spider_mini_2, uniq_azrael
Spider:3: uniq_arachne, uniq_agnes
Spider:4: grunt_spider_rune_circles, nicolae_spider_webbed_stairs,
          hangedman_spider_tarantella_strand, uniq_jorgrun
Orc:1:    enter_bailey_2, basic_altar, serial_shops, nicolae_shop_behind_doors
Orc:2:    st_orc_mages, basic_altar
Elf:1:    minivault_28
Elf:2:    serial_shops, shop_statue
Elf:3:    minmay_elf_hall_golems, uniq_louise
Vaults:1: hangedman_vaults_capsules, v_misc_24, v_misc_33, v_misc_30,
          nicolae_vaults_little_squares_6, ontoclasm_vaults_ring_large,
          dpeg_vaults_monster_box, vaults_room_hallway, vaults_room_corners,
          v_misc_11, nicolae_vaults_angled_halls,
          nicolae_vaults_diagonal_hallway_9, uniq_aizul
Vaults:2: vaults_standard_mumra_x, grunt_vaults_diagonal, v_pattern_3,
          minmay_crypt_entry_simple_statues, v_misc_11,
          nicolae_vaults_circle_grid_b, ontoclasm_vaults_ring_square,
          ontoclasm_vaults_loading_screen, vaults_dpeg_cross,
          nicolae_vaults_network_quinsquares, vaults_dpeg_encased_lava,
          nicolae_vaults_gold_heap, serial_shops, shop, uniq_asterion
Vaults:3: nicolae_vaults_mini_display_case, ontoclasm_vaults_eye,
          nicolae_vaults_three_branches, v_rooms_3, hangedman_vaults_slice,
          nicolae_vaults_little_squares_2, vaults_dpeg_hooks,
          nicolae_vaults_little_squares_2, vaults_mumra_minichess,
          grunt_vaults_hallway_short, v_misc_17,
          nicolae_vaults_little_squares_6, serial_shops, shop, uniq_donald
Vaults:4: vaults_mumra_lcd, v_alt_pattern_2, nicolae_vaults_network_star,
          ontoclasm_vaults_ring_small, hangedman_vaults_nails,
          nicolae_vaults_twisting_passages, grunt_vaults_funnel,
          vaults_room_grunt_arrival_checkpoint, serial_ice_h, vaults_dpeg_ring
Vaults:5: serial_shops, uniq_jory, uniq_frederick
Crypt:1:  st_shrine_of_skulls
Crypt:2:  evilmike_ambush
Crypt:3:  evilmike_haunted_forest, uniq_bai_suzhen
Tomb:2:   uniq_khufu
Depths:1: enter_ziggurat_b, minmay_room_of_horrors, nicolae_two_hexagons,
          hell_entry, nemelex_diamond_rough_becter, uniq_sojobo
Depths:2: minmay_the_grid_4x2, interstate_on_off, hell_entry, uniq_nikola
Depths:3: grunt_bruiser_brothers, lightli_too_deep, abyss_entry_crystal,
          pan_entry, infiniplex_staircase_spiral
Depths:4: onia_ninara_swampy_vault, kennysheep_another_room,
          hangedman_coc_ice_floe, nicolae_abyss_entry_one_way_or_another
Depths:5: lemuel_castle_with_subvaults, serial_glass, glass_columns_a,
          glass_columns_a, item_on_display_a, minmay_strange_pillars,
          pf_vacation_house_of_asmodeus, rand_demon_pan_entry_1,
          corexii_leaking_fountain, mikee_hates_you, minmay_shop_grove
Abyss:2:  evilmike_abyss_exit_plants
Abyss:3:  hangedman_eye_storm, evilmike_abyss_exit_glass
Abyss:4:  hangedman_abyss_rune_macabre_mess
Lab:      labyrinth_watery
Bailey:   bailey_polearm_gnolls_kennysheep, bailey
Volcano:  volcano_pools

Skill      XL: |  1  2  3  4  5  6  7  8  9 10 11 12 13 14 15 16 17 18 19 20 21 22 23 24 25 26 27 |
---------------+----------------------------------------------------------------------------------+-----
Fighting       | 2 3 4 5 7 8 10 11 12 13 14 15 16 | 16.2
Invocations    | 1 3 4 5 7 10 12 14 15 16 17 18 19 20 21 23 | 23.4
Maces & Flails | 2 3 5 8 11 14 15 16 17 18 19 20 22 | 22.4
Armour         | 2 4 6 7 8 9 10 11 12 | 12.5
Dodging        | 3 4 6 8 9 10 11 12 | 12.9
Translocations | 4 9 |  9.9
Spellcasting   | 3 4 6 |  6.0
Evocations     | 1 4 5 |  5.0
Charms         | 3 7 |  7.1
Necromancy     | 3 7 |  7.4
Hexes          | 8 10 | 10.4
Earth Magic    | 10 13 | 13.0
Stealth        | |  3.0
Conjurations   | |  4.0

Action                   |  1- 3 |  4- 6 |  7- 9 | 10-12 | 13-15 | 16-18 | 19-21 | 22-24 | 25-27 || total
-------------------------+-------+-------+-------+-------+-------+-------+-------+-------+-------++-------
Melee: Short sword       |    62 |       |       |       |       |       |       |       |       ||    62
       Flail             |    14 |    27 |       |       |       |       |       |       |       ||    41
       Morningstar       |       |    14 |       |       |       |       |       |       |       ||    14
       Dire flail        |       |    11 |   114 |   340 |   553 |  1475 |  1250 |  1098 |       ||  4841
       Constrict         |       |       |       |       |   114 |   287 |   151 |   212 |   240 ||  1004
       Headbutt          |       |       |       |       |       |    37 |   445 |   565 |   554 ||  1601
       Unarmed           |       |       |       |       |       |    30 |       |       |       ||    30
       Great mace        |       |       |       |       |       |       |       |   383 |  1522 ||  1905
Throw: Throwing net      |       |       |       |     2 |       |       |       |       |       ||     2
 Cast: Magic Dart        |     4 |     1 |       |       |       |       |       |       |       ||     5
       Apportation       |       |       |       |       |       |       |     1 |       |     1 ||     2
       Regeneration      |       |       |       |       |       |       |       |    39 |    84 ||   123
       Spectral Weapon   |       |       |       |       |       |       |       |       |     3 ||     3
       Lee's Rapid Decon |       |       |       |       |       |       |       |       |     2 ||     2
       Passage of Golubr |       |       |       |       |       |       |       |       |     2 ||     2
Invok: Heroism           |     1 |     2 |     8 |    25 |    31 |    50 |    39 |    37 |    26 ||   219
       Finesse           |       |       |       |     3 |     7 |     7 |    12 |    10 |     9 ||    48
 Abil: Spit Poison       |    30 |     9 |     1 |       |       |       |       |       |       ||    40
Evoke: Wand              |       |     4 |     3 |     1 |     3 |    12 |       |       |     4 ||    27
       Phial of floods   |       |       |       |       |       |     1 |       |       |       ||     1
       Lightning rod     |       |       |       |       |       |       |       |     4 |     3 ||     7
       Box of beasts     |       |       |       |       |       |       |       |     1 |       ||     1
       Phantom mirror    |       |       |       |       |       |       |       |     1 |       ||     1
  Use: Scroll            |       |     2 |       |    14 |    15 |    20 |    12 |    10 |    14 ||    87
       Potion            |       |       |       |     1 |     7 |    14 |     3 |     1 |     9 ||    35
 Stab: Sleeping          |     2 |     1 |     4 |     5 |     3 |     9 |       |       |       ||    24
       Held in net/web   |       |       |       |     2 |       |       |       |       |       ||     2
       Distracted        |       |       |       |       |     1 |     1 |       |       |     5 ||     7
  Eat: Chunk             |     2 |     2 |     4 |    19 |     2 |     7 |     4 |     9 |     3 ||    52
       Fruit             |       |       |       |       |    12 |    13 |     6 |     4 |     1 ||    36
       Royal jelly       |       |       |       |       |       |     2 |     2 |     5 |    12 ||    21
Armor: Robe              |     2 |       |       |       |       |       |       |       |       ||     2
       Ring mail         |    23 |    39 |    49 |    29 |       |       |       |       |       ||   140
       Troll leather arm |       |       |       |    86 |   139 |   223 |    41 |    38 |       ||   527
       Chain mail        |       |       |       |       |    49 |   438 |   398 |   502 |   822 ||  2209
       Skin              |       |       |       |       |       |     1 |       |       |       ||     1
Dodge: Dodged            |    46 |    26 |    45 |   187 |   327 |   971 |   639 |   727 |   956 ||  3924
       Deflected         |       |       |       |       |    18 |    25 |    25 |    29 |       ||    97
Block: Other             |       |       |       |       |       |       |     8 |   161 |    28 ||   197
       Reflection        |       |       |       |       |       |       |       |    13 |     2 ||    15
